AoeStats
← 体制少妇白洁

Fortress

510259243Analyzed
4v4 RM · 2d ago on Sep 30, 2026· 35m 6s· 8 players
Game mode
Random Map
Map size
Huge
Population
200
Speed
Normal
Resources
Standard
Victory
Conquest
Starting age
Dark Age
Ending age
Imperial Age
RankedLock teamsTeams togetherTeam positionsShared explorationLock speedFull tech treeHidden civsTurbo modeCheats
Victory
Defeat
🇨🇳 Koreans · China
1613
+3
🇭🇰 Berbers · Hong Kong SAR China
1502
+6
🇨🇳 Britons · China
1495
+6
🇹🇼 Varangians · Taiwan
1425
+7
🇦🇹 Burgundians · Austria
1242
-7
🇻🇳 Saxons · Vietnam
1230
-5
🇨🇳 Chinese · China
1229
-5
🇵🇪 Goths · Peru
1227
-5
歐吉桑
7:39 Feudal Age
8:45 Double-Bit Axe
11:42 Castle Age
9:36 Horse Collar
12:51 Bow Saw
13:25 Heavy Plow
18:04 Wheelbarrow
19:58 Hand Cart
22:21 Loom
23:13 Gold Mining
26:37 Imperial Age
24:15 Stone Mining
24:13 Treadmill Crane
24:57 Forging
24:53 Scale Barding Armor
26:33 Bloodlines
27:10 Iron Casting
27:06 Elite Jarl
29:09 Chain Barding Armor
29:49 Blast Furnace
28:51 Husbandry
29:31 Crop Rotation
29:24 Town Watch
29:55 Masonry
30:06 Ballistics
29:10 Light Cavalry
30:53 Plate Barding Armor
31:42 Town Patrol
34:28 Caravan
aaa
8:27 Feudal Age
9:45 Double-Bit Axe
12:33 Castle Age
10:41 Double-Bit Axe
11:07 Gold Mining
11:17 Fletching
11:13 Horse Collar
13:02 Loom
13:17 Bodkin Arrow
27:58 Wheelbarrow
27:38 Bow Saw
27:29 Heavy Plow
35:23 Imperial Age
33:15 Ballistics
33:04 Gold Mining
体制少妇白洁
7:51 Feudal Age
9:14 Double-Bit Axe
11:36 Castle Age
10:11 Horse Collar
12:35 Bow Saw
13:05 Wheelbarrow
12:32 Heavy Plow
18:36 Hand Cart
20:20 Gold Mining
20:51 Fletching
21:56 Gold Shaft Mining
21:50 Stone Mining
23:32 Loom
26:20 Imperial Age
24:21 Ballistics
24:11 Bodkin Arrow
24:17 Padded Archer Armor
24:49 Thumb Ring
25:32 Kasbah
25:45 Bloodlines
25:35 Husbandry
27:28 Conscription
27:10 Bracer
28:21 Chemistry
27:39 Leather Archer Armor
27:20 Elite Camel Archer
28:07 Maghrebi Camels
30:18 Caravan
30:54 Ring Archer Armor
30:29 Scale Barding Armor
30:35 Forging
31:02 Crop Rotation
33:40 Chain Barding Armor
34:46 Light Cavalry
36:03 Plate Barding Armor
36:03 Iron Casting
超级硬邦邦
7:56 Feudal Age
9:22 Double-Bit Axe
11:44 Castle Age
9:40 Double-Bit Axe
9:32 Man-at-Arms
10:23 Horse Collar
12:00 Wheelbarrow
11:12 Loom
11:19 Town Watch
12:21 Long Swordsman
12:46 Gambesons
13:02 Squires
13:06 Scale Mail Armor
18:11 Gold Mining
19:47 Fortified Wall
20:27 Heavy Plow
20:22 Stone Mining
24:17 Forging
24:23 Chain Mail Armor
24:30 Bow Saw
25:01 Pikeman
28:50 Imperial Age
27:27 Iron Casting
27:51 Gold Shaft Mining
27:11 Arson
29:17 Halberdier
29:18 Two-Handed Swordsman
30:31 Plate Mail Armor
32:01 Conscription
33:58 Blast Furnace
35:13 Two-Man Saw
33:43 Champion
变态
0:32 Loom
8:26 Feudal Age
12:07 Castle Age
10:12 Double-Bit Axe
10:19 Horse Collar
10:53 Gold Mining
12:47 Wheelbarrow
13:17 Bow Saw
13:56 Heavy Plow
17:02 Town Watch
19:54 Scale Mail Armor
19:55 Squires
21:39 Chain Mail Armor
23:20 Hand Cart
25:14 Forging
29:49 Imperial Age
28:15 Iron Casting
28:14 Stone Mining
30:07 Caravan
30:26 Anarchy
31:10 Stone Shaft Mining
32:55 Chemistry
32:05 Treadmill Crane
Valodimer
6:32 Feudal Age
7:09 Horse Collar
7:15 Double-Bit Axe
13:51 Castle Age
14:26 Gold Mining
15:10 Bow Saw
15:01 Heavy Plow
17:11 Gold Shaft Mining
18:49 Sanctity
21:34 Redemption
22:47 Fletching
23:31 Guard Tower
24:02 Ballistics
23:55 Murder Holes
24:35 Bodkin Arrow
24:35 Loom
25:25 Wheelbarrow
27:23 Imperial Age
25:46 Town Watch
26:46 Clerical Recruitment
28:26 Block Printing
28:47 Illumination
30:12 Crop Rotation
31:28 Bracer
32:41 Hand Cart
33:22 Scale Mail Armor
33:32 Forging
33:20 Elite Hearth Troop
34:54 Conscription
_Shev_777__
7:28 Feudal Age
11:40 Castle Age
10:08 Double-Bit Axe
10:20 Horse Collar
13:32 Bow Saw
15:56 Loom
16:31 Gold Mining
16:45 Heavy Plow
18:55 Two-Man Saw
19:28 Husbandry
19:38 Cavalier
24:51 Forging
24:47 Scale Barding Armor
30:09 Imperial Age
28:15 Wheelbarrow
27:25 Town Watch
29:09 Elite Skirmisher
30:29 Iron Casting
30:14 Chain Barding Armor
30:32 Hand Cart
32:17 Blast Furnace
31:37 Fletching
32:17 Paladin
34:44 Chemistry
34:05 Ballistics
巨大的问号
0:33 Loom
6:52 Feudal Age
7:24 Double-Bit Axe
8:02 Horse Collar
12:54 Castle Age
15:10 Wheelbarrow
14:50 Bow Saw
26:23 Heavy Plow
29:44 Imperial Age
27:50 Wheelbarrow
27:20 Gold Mining
27:26 Stone Mining
29:16 Fletching
30:37 Gold Shaft Mining
30:41 Stone Shaft Mining
30:49 Conscription
30:35 Bodkin Arrow
31:00 Hand Cart
33:00 Chemistry
32:29 Thumb Ring
32:53 Bracer
33:15 Ballistics
34:30 Padded Archer Armor
34:44 Fortified Wall
34:49 Great Wall
Connection lost

Rejoining the realm…

Still unreachable

The connection could not be restored.

Session expired

The server has moved on; the page needs a fresh start.